 Dungeon Crawl Stone Soup version 0.29.1-1-gd02db6906a (webtiles) character file.

Game seed: 2976878103853458173

833 LustLizard the Slasher (level 7, 0/54 HPs)
             Began as a Demonspawn Gladiator on Oct 18, 2022.
             Slain by a steam dragon (7 damage)
             ... on level 5 of the Dungeon.
             The game lasted 00:08:51 (5463 turns).

LustLizard the Slasher (Demonspawn Gladiator)       Turns: 5463, Time: 00:08:51

Health: 0/54       AC:  9    Str: 15    XL:     7   Next: 66%
Magic:  7/7        EV: 10    Int:  9    God:
Gold:   212        SH:  0    Dex: 16    Spells: 6/6 levels left

rFire   . . .      SeeInvis .   a - +0 long sword
rCold   . . .      Faith    .   (no shield)
rNeg    . . .      Spirit   .   y - +0 scale mail
rPois   .          Reflect  .   (helmet restricted)
rElec   .          Harm     .   (no cloak)
rCorr   .          Rampage  .   (no gloves)
Will    .....                   (no boots)
Stlth   ..........              (no amulet)
HPRegen 0.18/turn               (no ring)
MPRegen 0.10/turn               (no ring)

@: no status effects
A: antennae 2, slimy green scales 2, demonic guardian 1
a: no special abilities


You were on level 5 of the Dungeon.
You visited 1 branch of the dungeon, and saw 5 of its levels.
You also visited: Sewer.

You collected 212 gold pieces.

Inventory:

Hand Weapons
 a - a +0 long sword (weapon)
Missiles
 e - 5 javelins (quivered)
 i - 11 stones
 w - 2 poisoned darts
Armour
 b - a +0 leather armour
 c - a +0 helmet
 y - a +0 scale mail (worn)
Jewellery
 B - an amulet of guardian spirit
Scrolls
 f - 2 scrolls of enchant armour {unknown}
 g - 2 scrolls of blinking {unknown}
 h - a scroll of torment {unknown}
 j - a scroll of fear {unknown}
 k - 3 scrolls of teleportation
 n - a scroll of enchant weapon {unknown}
 o - 4 scrolls of vulnerability {unknown}
 p - a scroll of fog {unknown}
 t - a scroll of magic mapping {unknown}
 z - a scroll of poison {unknown}
 A - a scroll of amnesia {unknown}
Potions
 d - 2 potions of curing
 l - a potion of degeneration {unknown}
 m - a potion of mutation
 q - a potion of brilliance
 r - a potion of resistance
 s - 2 potions of attraction
 u - a potion of might {unknown}
 v - a potion of ambrosia {unknown}


   Skills:
 + Level 4.3 Fighting
 * Level 5.6 Long Blades
 * Level 5.2 Throwing
 - Level 2.6 Dodging


You had 6 spell levels left.
You didn't know any spells.
Your spell library contained the following spells:

 Spells                   Type           Power      Damage    Failure   Level
 Fireball                 Conj/Fire      0%         3d3       100%        5
 Starburst                Conj/Fire      0%         6d3       100%        6
 Ignition                 Fire           0%         3d3       100%        8


Dungeon Overview and Level Annotations

Branches:
Dungeon (5/15)              Sewer (visited)
 Temple: D:4-7

Altars:
Fedhas
Ru
Sif Muna


Innate Abilities, Weirdness & Mutations

You have a pair of antennae on your head.
You are mostly covered in slimy green scales. (AC +3)
A weak demonic guardian rushes to your aid.


Message History

You slash the steam dragon!
The steam dragon is heavily wounded.
You are engulfed in a cloud of scalding steam.
The steam dragon struggles against the net.
You hit the steam dragon but do no damage.
The steam dragon is heavily wounded.
The steam dragon struggles against the net.
You catch the helpless steam dragon completely off-guard!
You hit the steam dragon but do no damage.
The steam dragon is heavily wounded.
The steam dragon breathes steam at you. The ball of steam hits you!
The steam dragon struggles against the net.
The net rips apart, and the steam dragon comes free!
You hit the steam dragon but do no damage.
The steam dragon is heavily wounded.
The steam dragon misses you. The steam dragon claws you.
A demonic guardian appears!
The steam dragon misses you.
The steam dragon claws you but does no damage.
You closely miss the steam dragon.
The steam dragon is heavily wounded.
The steam dragon breathes steam at you. The ball of steam misses you.
The ball of steam hits your iron imp.
Your iron imp resists.
You slash the steam dragon!
The steam dragon is almost dead.
You are engulfed in a cloud of scalding steam.
* * * LOW HITPOINT WARNING * * *
The steam dragon bites you but does no damage.
The steam dragon claws you but does no damage.
You hit the steam dragon.
The steam dragon is almost dead.
The steam dragon breathes steam at you. The ball of steam misses you.
You closely miss the steam dragon.
The steam dragon is almost dead.
You are engulfed in a cloud of scalding steam.
* * * LOW HITPOINT WARNING * * *
A demonic guardian appears!
The steam dragon bites you!
You die...

#####
#######..?##
...........##
####.5D§.<..#
#....§@5....#
#.##..§§....#
##§§§.......
#§#§..#####
.<.##### ####


You could see a steam dragon (ally target), a friendly iron imp (summoned) and a
friendly ufetubus (summoned).

Vanquished Creatures
  Grinder (D:4)
  A yak (D:4)
  2 necrophages (D:4)
  A scorpion (D:4)
  2 hounds (D:4)
  Jessica (D:2)
  A river rat (Sewer)
  11 adders
  3 worms
  2 dart slugs
  2 orcs (D:4)
  3 bats
  7 endoplasms
  6 giant cockroaches
  9 goblins
  8 hobgoblins
  8 quokkas
  7 ball pythons
  6 frilled lizards
  10 kobolds
  12 rats
103 creatures vanquished.

Vanquished Creatures (collateral kills)
  An adder (Sewer)
  A rat (Sewer)
2 creatures vanquished.

Vanquished Creatures (others)
  4 plants (D:4)
4 creatures vanquished.

Grand Total: 109 creatures vanquished

Notes
Turn   | Place    | Note
-------+----------+-------------------------------------------
     0 | D:1      | LustLizard the Demonspawn Gladiator began the quest for the
                  | Orb.
     0 | D:1      | Reached XP level 1. HP: 16/16 MP: 1/1
   316 | D:1      | You fall into a shaft and drop 1 floor!
   327 | D:2      | Gained mutation: You are partially covered in slimy green
                  | scales. (AC +2) [demonic ancestry]
   327 | D:2      | Reached XP level 2. HP: 15/22 MP: 2/2
   866 | D:1      | Found a faded altar of an unknown god.
   877 | D:1      | Gained mutation: You are mostly covered in slimy green
                  | scales. (AC +3) [demonic ancestry]
   877 | D:1      | Reached XP level 3. HP: 28/28 MP: 3/3
  1851 | D:2      | Noticed Jessica
  1852 | D:2      | Killed Jessica
  1853 | D:2      | Gained mutation: You have a pair of small antennae on your
                  | head. [demonic ancestry]
  1853 | D:2      | Reached XP level 4. HP: 34/34 MP: 4/4
  2290 | D:3      | Gained mutation: A weak demonic guardian rushes to your
                  | aid. [demonic ancestry]
  2290 | D:3      | Reached XP level 5. HP: 41/41 MP: 5/5
  2629 | D:3      | Found a glowing drain.
  2642 | Sewer    | Entered a sewer
  3877 | D:4      | Noticed Grinder
  3900 | D:4      | Killed Grinder
  3901 | D:4      | Reached XP level 6. HP: 14/47 MP: 6/6
  4199 | D:4      | Reached skill level 5 in Long Blades
  4199 | D:4      | Gained mutation: You have a pair of antennae on your head.
                  | [demonic ancestry]
  4199 | D:4      | Reached XP level 7. HP: 28/53 MP: 7/7
  4387 | D:4      | Found a sacrificial altar of Ru.
  4557 | D:4      | Found a blossoming altar of Fedhas.
  4684 | D:4      | Found a shimmering blue altar of Sif Muna.
  5142 | D:5      | Entered Level 5 of the Dungeon
  5157 | D:5      | Noticed a yak
  5157 | D:5      | Noticed a yak
  5157 | D:5      | Noticed a yak
  5158 | D:5      | Noticed a yak
  5162 | D:5      | Noticed a yak
  5177 | D:4      | Killed a yak
  5178 | D:4      | Reached skill level 5 in Throwing
  5450 | D:5      | Noticed a steam dragon
  5463 | D:5      | Slain by a steam dragon

Illustrated notes

Levels and vault maps discovered:
D:1:      nzn_arrival_depleted_hourglass, layout_basic,
          ebering_ecumenical_altar_abandoned, chequers_serial_rivers_micro_d,
          minmay_surrounded
D:2:      layout_basic, uniq_jessica
D:3:      layout_basic, serial_rivers, chequers_serial_rivers_room_a,
          chequers_serial_rivers_micro_a, chequers_serial_rivers_small_b,
          chequers_serial_rivers_micro_d, cheibrodos_sewer_entry_bend,
          grunt_ministairs_14, minmay_bisected
D:4:      layout_rooms, nicolae_sif_muna_condensation, fedhas_ov_isle_minmay,
          mainiacjoe_overflow_concentric_impassable, lemuel_crystal_altar,
          serial_park_tiny_2, uniq_grinder
D:5:      layout_loops_ring, tso_oasis_becter, serial_shops,
          nicolae_lakefront_shop, nicolae_lakefront_shop, shop_scrolls,
          nicolae_square_shop, nicolae_take_the_stairs, minmay_mini_ossuary,
          uniq_edmund, uniq_prince_ribbit1, uniq_pikel

Skill      XL: |  1  2  3  4  5  6  7 |
---------------+----------------------+-----
Throwing       | 2 3 4 5 |  5.2
Long Blades    | 3 4 5 |  5.6
Fighting       | 3 4 |  4.3
Dodging        | |  2.6

Action                   |  1- 3 |  4- 6 |  7- 9 || total
-------------------------+-------+-------+-------++-------
Melee: Long sword        |   136 |   179 |    74 ||   389
       Punch             |     1 |     3 |       ||     4
Throw: Stone             |       |    15 |       ||    15
       Throwing net      |       |     3 |     1 ||     4
       Javelin           |       |     3 |       ||     3
  Use: Scroll            |       |     1 |     4 ||     5
       Potion            |       |     3 |       ||     3
 Stab: Sleeping          |     1 |     3 |       ||     4
       Held in net/web   |       |       |     2 ||     2
Armor: Leather armour    |    54 |    73 |    12 ||   139
       Scale mail        |       |       |    21 ||    21
Dodge: Dodged            |    89 |   150 |    36 ||   275
